 Dungeon Crawl Stone Soup version 0.30-a0-719-gcc4359ea44 (webtiles) character file.

Game seed: 14476343233159244813

46229 Arximoufas the Thaumaturge (level 14, -2/65 HPs)
             Began as a Spriggan Conjurer on Jan 25, 2023.
             Was an Elder of Vehumet.
             Shot with an arrow by a centaur warrior (24 damage)
             ... on level 13 of the Dungeon on Jan 26, 2023.
             The game lasted 05:22:43 (41259 turns).

Arximoufas the Thaumaturge (Spriggan Conjurer)     Turns: 41259, Time: 05:22:44

Health: -2/65      AC:  6    Str:  9    XL:     14   Next: 4%
Magic:  11/31      EV: 20    Int: 24    God:    Vehumet [****..]
Gold:   1297       SH:  5    Dex: 14    Spells: 10/38 levels left

rFire   + . .      SeeInvis +    a - staff of air
rCold   . . .      Faith    .    (shield currently unavailable)
rNeg    . . .      Spirit   .    R - +1 robe {rF+}
rPois   .          Reflect  +    D - +2 hat
rElec   +          Harm     .    F - +0 cloak
rCorr   .          Rampage  .    (gloves unavailable)
Will    ++...                    (boots unavailable)
Stlth   +++++                    P - amulet of reflection
HPRegen 0.30/turn                l - +6 ring of strength
MPRegen 0.22/turn                B - ring of wizardry

@: very slightly contaminated, very quick
A: very small, no large weapons, unfitting armour, see invisible, speed 3
a: Renounce Religion


You were on level 13 of the Dungeon.
You worshipped Vehumet.
Vehumet was greatly pleased with you.
You visited 6 branches of the dungeon, and saw 23 of its levels.
You also visited: Bailey.

You collected 1297 gold pieces.

Inventory:

Hand Weapons
 p - the +6 war axe of Xabetuh {vamp, rF+}
   (You found it on level 3 of the Dungeon)

   rF:        It protects you from fire.
 O - a +0 trident of protection
Armour
 d - a +0 buckler
 D - a +2 hat (worn)
 F - a +0 cloak (worn)
 G - +0 acid dragon scales
 K - an orb of energy
 M - a +0 troll leather armour
 R - a +1 robe of fire resistance (worn)
Magical Staves
 a - a staff of air (weapon)
 T - a staff of death
Jewellery
 l - a +6 ring of strength (left hand)
 n - a ring of resist corrosion
 B - a ring of wizardry (right hand)
 H - an amulet of the acrobat
 P - an amulet of reflection (around neck)
Wands
 i - a wand of light (7)
 m - a wand of flame (18)
 y - a wand of roots (6)
 J - a wand of paralysis (4)
 W - a wand of mindburst (6)
Scrolls
 c - 3 scrolls of brand weapon
 f - 7 scrolls of vulnerability
 g - 5 scrolls of enchant armour
 o - 3 scrolls of fog
 q - 4 scrolls of enchant weapon
 t - a scroll of fear
 u - a scroll of teleportation
 v - 6 scrolls of poison
 x - 2 scrolls of amnesia
 I - 2 scrolls of immolation
 Q - a scroll of torment
 U - a scroll of silence
 X - a scroll of magic mapping
Potions
 b - 2 potions of mutation {unknown}
 e - 2 potions of ambrosia {unknown}
 h - a potion of lignification {unknown}
 j - 6 potions of haste
 k - 2 potions of degeneration {unknown}
 w - 2 potions of curing
 z - 2 potions of cancellation {unknown}
 A - 2 potions of resistance {unknown}
 C - 2 potions of berserk rage {unknown}
 E - 2 potions of invisibility {unknown}
 N - a potion of might {unknown}
 S - 5 potions of attraction {unknown}
 Y - a potion of flight {unknown}
Miscellaneous
 r - a lightning rod (4/4)
 s - a piece from Xom's chessboard (15/15)
 L - a phial of floods
 V - a lightning rod (4/4)


   Skills:
 - Level 3.0 Fighting
 - Level 7.0 Dodging
 - Level 12.1 Stealth
 + Level 12.5 Spellcasting
 * Level 11.9 Conjurations
 - Level 7.0 Hexes
 - Level 6.1 Summonings
 - Level 10.9 Translocations
 - Level 2.7 Fire Magic
 - Level 2.4 Air Magic
 - Level 7.1 Evocations


You had 10 spell levels left.
You knew the following spells:

 Your Spells              Type           Power      Damage    Failure   Level
a - Magic Dart            Conj           100%       1d8       1%          1
b - Searing Ray           Conj           100%       2d8       1%          2
c - Momentum Strike       Conj/Tloc      100%       3d10      1%          2
d - Foxfire               Conj/Fire      100%       2x1d9     1%          1
e - Shock                 Conj/Air       100%       1d9       1%          1
f - Fulminant Prism       Conj/Hex       28%        3d14      1%          4
g - Apportation           Tloc           100%       N/A       1%          1
h - Call Canine Familiar  Summ           44%        N/A       1%          3
i - Ignite Poison         Fire/Tmut/Pois 19%        N/A       1%          3
j - Mephitic Cloud        Conj/Pois/Air  54%        N/A       1%          3
k - Orb of Destruction    Conj           32%        9d10      3%          7

Your spell library contained the following spells:

 Spells                   Type           Power      Damage    Failure   Level
 Arcjolt                  Conj/Air       32%        1d42      1%          5
 Blink                    Tloc           100%       N/A       1%          2
 Lesser Beckoning         Tloc           100%       N/A       1%          2
 Dazzling Flash           Conj/Hex       100%       N/A       1%          3
 Portal Projectile        Hex/Tloc       100%       N/A       1%          3
 Summon Guardian Golem    Hex/Summ       46%        N/A       1%          3
 Iskenderun's Mystic Bla  Conj/Tloc      63%        2d13      1%          4
 Fireball                 Conj/Fire      25%        3d11      1%          5
 Yara's Violent Unravell  Hex/Tmut       15%        3d8       3%          5
 Starburst                Conj/Fire      25%        6d8       3%          6
 Anguish                  Hex/Necr       15%        N/A       4%          4
 Leda's Liquefaction      Hex/Erth       15%        N/A       4%          4
 Spellforged Servitor     Conj/Summ      27%        N/A       10%         7
 Lee's Rapid Deconstruct  Erth           7%         3d7*      13%         5
 Alistair's Intoxication  Tmut/Pois      10%        N/A       41%         5
 Enfeeble                 Hex            24%        N/A       58%         7
 Statue Form              Tmut/Erth      10%        N/A       91%         6


Dungeon Overview and Level Annotations

Branches:
Dungeon (13/15)            Temple (1/1) D:7            Lair (5/5) D:8
 Shoals (1/4) Lair:2        Snake (2/4) Lair:2          Orc (1/2) D:9
 Bailey (visited)
  Slime: Lair:4-5    Vaults: D:13-14

Altars:
Ashenzari
Cheibriados
Dithmenos
Elyvilon
Fedhas
Gozag
Hepliaklqana
Kikubaaqudgha
Makhleb
Nemelex Xobeh
Okawaru
Qazlal
Ru
Sif Muna
Trog
Uskayaw
Vehumet
Wu Jian
Xom
Yredelemnul
Zin
The Shining One

Annotations:
D:10 Sonja
Lair:2 exclusion: 2 oklob plants
Lair:3 exclusion: ice statue
Lair:4 2 transporters, exclusion: oklob plant, Etreokin's ghost, journeyman KoEn
Orc:1 Jorgrun; Nergalle


Innate Abilities, Weirdness & Mutations

You are very small and have problems with some larger weapons.
You are too small for most types of armour.
You have supernaturally acute eyesight. (SInv)
You cover ground extremely quickly. (Speed+++)


Message History

g - 5 scrolls of enchant armour (gained 1)
Found a glowing pink potion.
You open the door.
There is an open door here.
You open the door.
There is an open door here.
Y - a glowing pink potion
Found a stormy altar of Qazlal.
A centaur warrior comes into view.
The centaur warrior shouts!
Casting: Orb of Destruction (quite dangerous; 3% risk of failure)
Confirm with . or Enter, or press ? or * to list all spells.
The spell is quite dangerous to miscast (3% risk of failure)!
Continue anyway?
Aiming: Orb of Destruction (quite dangerous; 3% risk of failure)
Press: ? - help, Shift-Dir - straight line, f - centaur warrior
Aim: a centaur warrior, wearing a +0 barding The orb of destruction hits the centaur warrior!!!
The centaur warrior is severely wounded.
The centaur warrior wields a +0 shortbow.
The centaur warrior shoots an arrow.
The arrow misses you.
Casting: Orb of Destruction (quite dangerous; 3% risk of failure)
Confirm with . or Enter, or press ? or * to list all spells.
The spell is quite dangerous to miscast (3% risk of failure)!
Continue anyway?
Aiming: Orb of Destruction (quite dangerous; 3% risk of failure)
Press: ? - help, Shift-Dir - straight line, f/p - centaur warrior
Aim: a centaur warrior, wielding a +0 shortbow and wearing a +0 barding (severely wounded)
You miscast Orb of Destruction.
You are very lightly contaminated with residual magic.
The air around you crackles with energy!
The centaur warrior shoots an arrow.
The arrow hits you.
The centaur warrior shoots an arrow.
The arrow hits you!
The centaur warrior shoots an arrow.
The arrow hits you!!
Casting: Orb of Destruction (quite dangerous; 3% risk of failure)
Confirm with . or Enter, or press ? or * to list all spells.
The spell is quite dangerous to miscast (3% risk of failure)!
Continue anyway?
Aiming: Orb of Destruction (quite dangerous; 3% risk of failure)
Press: ? - help, Shift-Dir - straight line, f/p - centaur warrior
Aim: a centaur warrior, wielding a +0 shortbow and wearing a +0 barding (severely wounded)
The centaur warrior shoots an arrow.
The arrow hits you!!
You die...

###### #....# #....#
#....# #### #....######..#
#.@..........# ##
#.*......###.### #.
.#######........#°...☼###.
................#.....#...
###.....°.........._....##
######.c......#.....###
#........#~....#
#....#######.### #....#
...+


You could see a centaur warrior (ally target).

Vanquished Creatures
  Erolcha (Orc:1)
  A hydra (Lair:3)
  3 two-headed ogres
  An orc high priest (Orc:1)
  Urug (D:12)
  A naga sharpshooter (Snake:1)
  A lindwurm (Lair:3)
  A deep elf pyromancer (D:12)
  3 cyclopes
  6 elephants
  A merfolk siren (Lair:2)
  9 black mambas
  2 naga magi (Snake:1)
  9 cane toads
  2 unseen horrors (D:12)
  A rime drake (D:8)
  An efreet (D:12)
  14 komodo dragons
  7 polar bears
  4 trolls
  4 hornets
  8 dream sheep
  2 shadows
  4 wyverns
  Eustachio (D:5)
  23 yaks
  4 wraiths
  3 basilisks
  6 vampire mosquitoes
  4 nagas (Snake:1)
  A two-headed ogre zombie (D:9)
  2 wargs (Orc:1)
  3 acid dragons
  21 water moccasins
  8 ice beasts
  7 orc warriors
  11 black bears
  3 centaurs
  24 wolves
  A phantom (D:6)
  4 ogres
  11 kobold brigands
  13 bullfrogs
  A gnoll sergeant (D:11)
  2 scorpions
  2 troll zombies (D:9)
  5 killer bees (D:9)
  2 howler monkeys
  A crimson imp (D:4)
  2 jellies
  12 orc priests
  2 hounds
  3 iguanas
  8 orc wizards
  5 ogre zombies (D:9)
  9 gnolls
  7 adders
  2 shadow imps
  3 white imps
  An ufetubus (D:6)
  3 worms
  A dart slug (D:1)
  44 orcs
  A bat (D:3)
  4 endoplasms
  3 giant cockroaches
  11 goblins
  11 hobgoblins
  2 jackals (D:2)
  2 quokkas
  5 ball pythons
  4 frilled lizards
  A goblin skeleton (D:9)
  2 goblin zombies (D:9)
  2 hobgoblin skeletons (D:9)
  3 hobgoblin zombies (D:9)
  28 kobolds
  3 orc skeletons (D:9)
  14 orc zombies (D:9)
  3 rats
  A foxfire (Lair:3)
  3 fulminant prisms
455 creatures vanquished.

Vanquished Creatures (collateral kills)
  2 black mambas
  2 cane toads (Lair:4)
  A torpor snail (Lair:5)
  2 rime drakes (Lair:3)
  2 polar bears
  A hornet (Lair:3)
  3 dream sheep
  2 yaks (Lair:4)
  A vampire mosquito (D:10)
  3 water moccasins
  An ice beast (Lair:3)
  2 wolves (Lair:3)
  2 ogres (Orc:1)
  2 bullfrogs (Lair:4)
  An orc wizard (Orc:1)
  A gnoll (Orc:1)
  An orc (Orc:1)
  57 foxfires
86 creatures vanquished.

Vanquished Creatures (others)
  2590 foxfires
  19 fulminant prisms
  49 fungi
  132 plants
2790 creatures vanquished.

Grand Total: 3331 creatures vanquished

Notes
Turn   | Place    | Note
-------+----------+-------------------------------------------
     0 | D:1      | Arximoufas the Spriggan Conjurer began the quest for the
                  | Orb.
     0 | D:1      | Reached XP level 1. HP: 9/9 MP: 5/5
   356 | D:1      | Reached XP level 2. HP: 13/13 MP: 4/7
   361 | D:1      | Learned a level 2 spell: Searing Ray
  1039 | D:2      | Reached XP level 3. HP: 16/16 MP: 5/8
  1269 | D:2      | You fall into a shaft and drop 2 floors!
  1324 | D:4      | Noticed a black bear
  1438 | D:4      | Noticed a black bear
  1640 | D:2      | Found a faded altar of an unknown god.
  3080 | D:3      | Identified the +6 war axe of Xabetuh {vamp, rF+}
  3255 | D:3      | Learned a level 2 spell: Momentum Strike
  3256 | D:3      | Reached XP level 4. HP: 21/21 MP: 8/10
  3789 | D:4      | Reached skill level 1 in Translocations
  4278 | D:4      | Reached XP level 5. HP: 22/24 MP: 3/12
  4517 | D:5      | Entered Level 5 of the Dungeon
  5307 | D:4      | Killed a black bear
  5308 | D:4      | Reached skill level 5 in Stealth
  5308 | D:4      | Reached skill level 5 in Translocations
  5308 | D:4      | Reached skill level 1 in Evocations
  5308 | D:4      | Reached XP level 6. HP: 28/28 MP: 6/13
  5816 | D:4      | Found a burning altar of Makhleb.
  5816 | D:4      | Found a shimmering altar of Xom.
  5821 | D:4      | Reached XP level 7. HP: 32/32 MP: 11/14
  6599 | D:5      | Noticed Eustachio
  7422 | D:6      | Reached XP level 8. HP: 33/36 MP: 10/15
  7758 | D:6      | Reached skill level 5 in Spellcasting
  7886 | D:6      | Reached skill level 10 in Translocations
  8270 | D:6      | Found a shimmering blue altar of Sif Muna.
  8915 | D:6      | Found a shadowy altar of Dithmenos.
  8915 | D:6      | Found an opulent altar of Gozag.
  8918 | D:6      | Found an ornate altar of the Wu Jian Council.
  9674 | D:7      | Found a staircase to the Ecumenical Temple.
  9692 | Temple   | Entered the Ecumenical Temple
  9932 | D:7      | Found a snail-covered altar of Cheibriados.
 10011 | D:7      | Reached XP level 9. HP: 39/39 MP: 9/19
 11193 | D:8      | Found a radiant altar of Vehumet.
 11201 | D:8      | Became a worshipper of Vehumet
 11663 | D:8      | Noticed a two-headed ogre
 11771 | D:8      | Killed a two-headed ogre
 11772 | D:8      | Reached skill level 5 in Dodging
 11772 | D:8      | Reached skill level 10 in Stealth
 12597 | D:8      | Reached skill level 5 in Conjurations
 13155 | D:8      | Noticed a polar bear
 13487 | D:8      | Killed a polar bear
 13644 | D:8      | Found a staircase to the Lair.
 13809 | D:8      | Reached XP level 10. HP: 44/44 MP: 16/22
 14099 | Lair:1   | Entered Level 1 of the Lair of Beasts
 14237 | Lair:1   | Learned a level 1 spell: Foxfire
 14460 | Lair:1   | Reached skill level 1 in Fire Magic
 14644 | Lair:1   | Reached * piety under Vehumet
 14644 | Lair:1   | Offered knowledge of Shock by Vehumet.
 14751 | Lair:1   | Learned a level 1 spell: Shock
 14949 | Lair:1   | Reached skill level 1 in Fighting
 14949 | Lair:1   | Reached skill level 1 in Air Magic
 15940 | Lair:1   | Learned a level 4 spell: Fulminant Prism
 16063 | Lair:1   | Reached skill level 1 in Hexes
 16169 | Lair:2   | Noticed a cane toad
 16872 | Lair:2   | Noticed a black mamba
 17053 | D:3      | Learned a level 1 spell: Apportation
 17207 | D:5      | Killed Eustachio
 17649 | D:9      | Found a hazy altar of Hepliaklqana.
 17742 | D:9      | Reached XP level 11. HP: 51/51 MP: 16/25
 18480 | D:9      | Found a staircase to the Orcish Mines.
 18947 | D:9      | Reached ** piety under Vehumet
 18947 | D:9      | Offered knowledge of Static Discharge by Vehumet.
 18957 | D:9      | Reached skill level 5 in Hexes
 20134 | D:9      | Found a bloodstained altar of Trog.
 20247 | Orc:1    | Entered Level 1 of the Orcish Mines
 20247 | Orc:1    | Noticed Erolcha
 20467 | D:9      | Reached skill level 10 in Spellcasting
 20778 | D:10     | Entered Level 10 of the Dungeon
 20796 | D:10     | Noticed a two-headed ogre
 20914 | D:10     | Noticed Sonja
 21033 | D:10     | Killed a two-headed ogre
 21320 | D:10     | Learned a level 3 spell: Call Canine Familiar
 21332 | D:10     | Found a flagged portal.
 21387 | Bailey   | Entered a bailey
 21451 | Bailey   | Offered knowledge of Ignite Poison by Vehumet.
 21488 | Bailey   | Reached skill level 1 in Summonings
 21687 | Bailey   | Learned a level 3 spell: Ignite Poison
 21737 | Bailey   | Reached skill level 5 in Evocations
 21980 | Bailey   | Found an iron altar of Okawaru.
 22112 | D:10     | Paralysed by a hornet for 2 turns
 22116 | D:10     | Reached *** piety under Vehumet
 22388 | D:10     | Found a glowing golden altar of the Shining One.
 22925 | D:11     | Noticed a deep elf pyromancer
 24265 | D:12     | Noticed a deep elf pyromancer
 24695 | Lair:2   | Reached XP level 12. HP: 56/56 MP: 20/27
 25538 | Lair:2   | Offered knowledge of Airstrike by Vehumet.
 25613 | Lair:2   | Found a staircase to the Snake Pit.
 25683 | Lair:2   | Found a staircase to the Shoals.
 27127 | Lair:2   | Found a blossoming altar of Fedhas.
 27801 | Lair:3   | Reached **** piety under Vehumet
 29387 | Lair:3   | Offered knowledge of Mephitic Cloud by Vehumet.
 29422 | Lair:3   | Learned a level 3 spell: Mephitic Cloud
 30044 | Lair:3   | Reached skill level 5 in Summonings
 30152 | Lair:3   | Reached XP level 13. HP: 60/60 MP: 21/29
 31585 | Lair:3   | Reached skill level 10 in Conjurations
 33684 | Lair:4   | Reached ***** piety under Vehumet
 33830 | Lair:4   | Learned a level 7 spell: Orb of Destruction
 34184 | Lair:4   | Offered knowledge of Arcjolt by Vehumet.
 34863 | Lair:4   | Noticed Etreokin's ghost (journeyman KoEn)
 34892 | Lair:4   | Found a transporter.
 34893 | Lair:4   | Found a transporter.
 35531 | Lair:5   | Entered Level 5 of the Lair of Beasts
 36141 | Snake:1  | Entered Level 1 of the Snake Pit
 36313 | Snake:1  | You fall into a shaft and drop 1 floor!
 37901 | Orc:1    | Killed Erolcha
 38699 | Orc:1    | Noticed Jorgrun
 38824 | Orc:1    | Noticed Nergalle
 39147 | Shoals:1 | Entered Level 1 of the Shoals
 39320 | D:12     | Upgraded the game from 0.30-a0-718-geaa24f58ff to
                  | 0.30-a0-719-gcc4359ea44
 39463 | D:12     | Noticed Urug
 39467 | D:12     | Killed Urug
 39910 | D:12     | Reached XP level 14. HP: 65/65 MP: 25/31
 41233 | D:13     | Found a stormy altar of Qazlal.
 41259 | D:13     | Shot with an arrow by a centaur warrior

Illustrated notes

Levels and vault maps discovered:
D:1:      dpeg_arrival_morbid_curiosity, layout_basic
D:2:      layout_rooms, shapermc_ecumenical_altar_notcrosses
D:3:      layout_basic, due_unseen_surprise
D:4:      layout_layer_cave, grunt_temple_overflow_champion_of_chaos,
          grunt_ministairs_6
D:5:      layout_basic, kennysheep_generic_room_3, uniq_eustachio
D:6:      layout_cave_pools, gammafunk_temple_overflow_claw,
          mainiacjoe_overflow_alcove_1
D:7:      layout_cave_pools, cheibrodos_worm_habitat, minmay_temple_entry_glass
D:8:      layout_basic, nicolae_vehumet_radiance, hellmonk_lair_entry_icy
D:9:      layout_roguey, amcnicky_altar_gilded, kennysheep_little_box,
          zombieorc2_lemuel
D:10:     layout_loops_ring, mainiacjoe_overflow_brackets, enter_bailey_8,
          uniq_sonja
D:11:     layout_basic
D:12:     layout_gridville, uniq_urug
D:13:     layout_irregular_city, david_vaults_1, kennysheep_nondescript,
          minmay_statues_item, grunt_qazlal_clouds
Temple:   jpeg_temple_clearing
Lair:1:   layout_cave_pods, beast_lair_carwin_8, grunt_megastairs_4,
          infiniplex_staircase_pool_2
Lair:2:   layout_loops_ring, minmay_shoals_entry_lonely_mermaid,
          minmay_snake_entry_six_corridors, st_stairs_11, hangedman_tree_tricks,
          beast_lair_carwin_1
Lair:3:   cheibrodos_lair_overgrown_chateau, layout_cave_pods, ice2_lemuel,
          lemuel_fruit_tree
Lair:4:   beast_lair_carwin_large_3, layout_loops_ring, serial_forest,
          infiniplex_forest_clump_small, infiniplex_forest_clump_curved,
          infiniplex_forest_clump_diagonal, infiniplex_forest_lined_corner,
          nzn_ghost_randoct
Lair:5:   cheibrodos_lair_end_hotspot, layout_regular_city, slime_entry_1,
          ebering_ghost_rock_garden, small_statue_intersection,
          hangedman_lair_generics_rect, serial_bayou_shore_a
Shoals:1: layout_shoals, serial_shops, shop, nicolae_shop_firing_range,
          uniq_aizul, uniq_nikola
Snake:1:  layout_layer_cave
Snake:2:  layout_layer_cave, nrook_loot_triangle, serial_bayou_shore_b
Orc:1:    layout_diamond_mine, bh_open_orc_temple, uniq_jorgrun, uniq_nergalle,
          uniq_erolcha

Skill      XL: |  1  2  3  4  5  6  7  8  9 10 11 12 13 |
---------------+----------------------------------------+-----
Conjurations   | 3 4 5 6 9 11 | 11.9
Spellcasting   | 3 4 6 7 9 10 11 12 | 12.5
Dodging        | 3 4 6 7 |  7.0
Translocations | 2 5 6 8 10 | 10.9
Stealth        | 4 5 6 7 9 11 12 | 12.1
Evocations     | 1 2 3 7 |  7.1
Fire Magic     | 2 |  2.7
Fighting       | 2 3 |  3.0
Air Magic      | 2 |  2.4
Hexes          | 3 7 |  7.0
Summonings     | 2 5 6 |  6.1

Action                     |  1- 3 |  4- 6 |  7- 9 | 10-12 | 13-15 || total
---------------------------+-------+-------+-------+-------+-------++-------
  Melee: War axe           |       |       |       |     9 |     8 ||    17
         Punch             |       |       |       |     1 |       ||     1
   Cast: Magic Dart        |   102 |   133 |   498 |    31 |    37 ||   801
         Momentum Strike   |       |     4 |     8 |     7 |       ||    19
         Searing Ray       |       |     1 |       |       |       ||     1
         Foxfire           |       |       |       |  1146 |   557 ||  1703
         Shock             |       |       |       |    81 |     1 ||    82
         Fulminant Prism   |       |       |       |    15 |     7 ||    22
         Call Canine Famil |       |       |       |    41 |    81 ||   122
         Orb of Destructio |       |       |       |       |    40 ||    40
  Evoke: Wand              |     4 |     4 |    25 |     4 |     8 ||    45
    Use: Potion            |       |     1 |       |     5 |     4 ||    10
         Scroll            |       |       |       |    15 |    12 ||    27
 Armour: Robe              |       |       |       |    22 |    10 ||    32
  Dodge: Dodged            |    21 |    13 |    56 |   201 |    86 ||   377
  Block: Other             |       |       |       |    12 |    26 ||    38

Table legend: (Time is in decaauts)
 A = Elapsed time spent in this place.
 B = Non-inter-level travel time spent in this place.
 C = Inter-level travel time spent in this place.
 D = Time resting spent in this place.
 E = Time spent auto-exploring this place.
 F = Levels seen in this place.
 G = Mean time per level.
                   A        B        C        D        E       F      G
               +--------+--------+--------+--------+--------+-----+--------+
         Total |  32709 |  31516 |   1193 |  15822 |   2479 |  24 | 1362.9 |
       Dungeon |  18084 |  17262 |    822 |   8175 |   1703 |  13 | 1391.1 |
        Temple |    119 |    119 |      0 |      0 |     66 |   1 |  119.0 |
          Lair |  11868 |  11502 |    366 |   5961 |    709 |   5 | 2373.6 |
        Shoals |      1 |      1 |      0 |      0 |      0 |   1 |    1.0 |
     Snake Pit |   1301 |   1301 |      0 |    893 |      0 |   2 |  650.5 |
  Orcish Mines |    776 |    773 |      3 |    458 |      0 |   1 |  776.0 |
        Bailey |    557 |    557 |      0 |    335 |      0 |   1 |  557.0 |
               +--------+--------+--------+--------+--------+-----+--------+

Top non-repeatable levels by time:
  Lair:3: 4328 daAuts
     D:9: 2872 daAuts
  Lair:2: 2731 daAuts
     D:8: 2688 daAuts
  Lair:4: 2235 daAuts
  Lair:1: 2196 daAuts
     D:4: 2053 daAuts
    D:12: 1888 daAuts
     D:6: 1788 daAuts
     D:5: 1382 daAuts
    D:10: 1105 daAuts
 Snake:1: 1051 daAuts
     D:3: 1035 daAuts
     D:7: 860 daAuts
     D:1: 838 daAuts
